 Dungeon Crawl Stone Soup version 0.27-a0-1557-g57f10a385c (webtiles) character file.

Game seed: 12819902368477934460

529 ktje the Caller (level 6, 0/45 HPs)
             Began as a Demigod Summoner on July 15, 2021.
             Slain by a scorpion (5 damage)
             ... on level 5 of the Dungeon.
             The game lasted 00:45:58 (6746 turns).

ktje the Caller (Demigod Summoner)                  Turns: 6746, Time: 00:45:58

Health: 0/45       AC: 13    Str:  9    XL:     6   Next: 72%
Magic:  2/16       EV: 12    Int: 25    God:
Gold:   112        SH:  0    Dex: 14    Spells: 5/14 levels left

rFire    . . .     SeeInvis .   d - +2 dagger
rCold    . . .     Faith    .   (no shield)
rNeg     . . .     Spirit   .   a - +2 robe
rPois    .         Reflect  .   e - +2 helmet
rElec    .         Harm     .   o - +0 cloak
rCorr    .         Rampage  .   (no gloves)
Will     .....                  l - +0 pair of boots
Stlth    ++........             (no amulet)
HPRegen  0.15/turn              c - +4 ring of protection
MPRegen  0.15/turn              j - ring of flight

@: mighty, lethally poisoned (0 -> -1), flying
A: high mp 1, forlorn
a: no special abilities


You were on level 5 of the Dungeon.
You visited 1 branch of the dungeon, and saw 6 of its levels.

You collected 175 gold pieces.
You spent 63 gold pieces at shops.

Inventory:

Hand Weapons
 d - a +2 dagger (weapon)
 h - a +0 hunting sling
Missiles
 b - 272 stones
Armour
 a - a +2 robe (worn)
 e - a +2 helmet (worn)
 g - a +0 leather armour
 l - a +0 pair of boots (worn)
 o - a +0 cloak (worn)
Jewellery
 c - a +4 ring of protection (left hand)
 j - a ring of flight (right hand)
 s - a ring of protection from cold
Wands
 k - a wand of flame (7)
Scrolls
 m - a scroll of fog
Potions
 f - 2 potions of attraction
 i - 2 potions of lignification
 n - a potion of mutation {unknown}
 q - a potion of brilliance


   Skills:
 + Level 1.9 Dodging
 + Level 2.0 Stealth
 + Level 4.9 Spellcasting
 + Level 0.1 Hexes
 + Level 5.6 Summonings


You had 5 spell levels left.
You knew the following spells:

 Your Spells              Type           Power      Damage    Failure   Level
a - Summon Small Mammal   Summ           100%       N/A       1%          1
b - Call Imp              Summ           34%        N/A       1%          2
c - Call Canine Familiar  Summ           34%        N/A       2%          3
d - Summon Guardian Gole  Hex/Summ       20%        N/A       8%          3

Your spell library contained the following spells:

 Spells                   Type           Power      Damage    Failure   Level
 Summon Lightning Spire   Summ/Air       20%        N/A       26%         4


Dungeon Overview and Level Annotations

Branches:
Dungeon (6/15)
 Temple: D:4-7

Shops:
D:2 [   D:4 [   D:5 *

Annotations:
D:6 Blork the orc


Innate Abilities, Weirdness & Mutations

Your attributes grow dramatically as you level up.
You have an increased reservoir of magic. (+10% MP)
You shall have no god before yourself.


Message History

Aim: a scorpion (ally target) Attack!
The scorpion barely misses you. The scorpion completely misses you.
Your hound bites the scorpion.
The scorpion stings you.
You are poisoned.
The scorpion poisons you!
Your crimson imp closely misses the scorpion.
You feel very sick.
Your hound bites the scorpion.
The scorpion stings your crimson imp but does no damage.
Your hound bites the scorpion.
Your crimson imp hits the scorpion but does no damage.
You feel sick.
Your crimson imp blinks!
Your crimson imp hits the scorpion.
Your quokka bites the scorpion.
You feel sick.
Your hound bites the scorpion but does no damage.
The scorpion stings you.
* * * LOW HITPOINT WARNING * * *
Your quokka bites the scorpion but does no damage.
Your hound bites the scorpion but does no damage.
You feel sick.
Your crimson imp hits the scorpion but does no damage.
The scorpion stings you but does no damage.
You feel sick.
Your quokka barely misses the scorpion.
Your crimson imp hits the scorpion.
Your hound bites the scorpion.
Found a book of Winter.
You feel sick.
Your crimson imp blinks!
Your crimson imp barely misses the scorpion.
Your hound bites the scorpion but does no damage.
Your quokka closely misses the scorpion.
The scorpion stings your hound!
Your hound dies!
Your hound's corpse disappears in a puff of smoke!
Found 13 gold pieces.
You feel sick.
Your crimson imp hits the scorpion.
Your quokka barely misses the scorpion.
Found 16 gold pieces.
You feel sick.
Your crimson imp blinks!
You feel very mighty all of a sudden.
You feel sick. The scorpion stings you.
You die...

##...#......#.## ##. #
#............##.... .. #
##...........#... ...
####......∩.......# #...
.........5......#.##....
............§...........
........÷......5........
......))..<..r........$.
#............5.s@.......
.......................$
....##...............:..
....####..#...........#.
#.### #..##.........##
#..## #...#.........#
##..# .##.............
#...##....##.##..#.....
...........


You could see a scorpion (ally target), 3 friendly crimson imps and a friendly
quokka (summoned).

Vanquished Creatures
  A black bear (D:5)
  An orc (D:3)
  A hobgoblin (D:3)
3 creatures vanquished.

Vanquished Creatures (collateral kills)
  Menkaure (D:4)
  2 necrophages (D:5)
  An ogre (D:3)
  A scorpion (D:4)
  A water moccasin skeleton (D:4)
  A howler monkey (D:5)
  2 hounds
  A centaur skeleton (D:4)
  An orc priest (D:3)
  A bullfrog skeleton (D:5)
  An iguana (D:5)
  Ijyb (D:4)
  Robin (D:3)
  2 adders
  6 gnolls
  An ufetubus (D:3)
  An adder zombie (D:5)
  2 adder skeletons (D:4)
  2 worms
  6 dart slugs
  6 orcs (D:3)
  5 bats
  An endoplasm (D:2)
  3 giant cockroaches
  16 goblins
  6 hobgoblins
  8 kobolds
  A quokka (D:1)
  5 ball pythons
  4 frilled lizards
  9 rats
99 creatures vanquished.

Grand Total: 102 creatures vanquished

Notes
Turn   | Place    | Note
-------+----------+-------------------------------------------
     0 | D:1      | ktje the Demigod Summoner began the quest for the Orb.
     0 | D:1      | Reached XP level 1. HP: 14/14 MP: 5/5
   746 | D:1      | Reached XP level 2. HP: 20/20 MP: 0/7
   815 | D:1      | Learned a level 2 spell: Call Imp
   985 | D:1      | Reached skill level 4 in Summonings
  2859 | D:2      | Found Qaem's Antique Armour Shoppe.
  3042 | D:2      | Reached XP level 3. HP: 26/26 MP: 0/9
  3164 | D:2      | Learned a level 3 spell: Call Canine Familiar
  3525 | D:3      | Noticed Ijyb
  3548 | D:4      | Found Izxud's Armour Shoppe.
  3554 | D:4      | Killed Ijyb
  3557 | D:4      | Bought a +0 pair of boots for 63 gold pieces
  4243 | D:3      | Noticed Robin
  4259 | D:3      | Killed Robin
  4372 | D:3      | Reached XP level 4. HP: 13/33 MP: 0/11
  4560 | D:3      | Noticed an ogre
  4577 | D:3      | Killed an ogre
  5144 | D:4      | Reached XP level 5. HP: 38/38 MP: 3/13
  5444 | D:4      | Noticed Menkaure
  5458 | D:4      | Learned a level 3 spell: Summon Guardian Golem
  5474 | D:4      | Killed Menkaure
  5475 | D:4      | Reached skill level 5 in Summonings
  6283 | D:5      | Entered Level 5 of the Dungeon
  6288 | D:5      | Noticed a black bear
  6291 | D:5      | Reached XP level 6. HP: 45/45 MP: 10/15
  6479 | D:5      | Found Ruagog's Lightly-Used Armoury.
  6659 | D:6      | Noticed Blork the orc
  6746 | D:5      | Slain by a scorpion

Illustrated notes

Levels and vault maps discovered:
D:1:      minmay_arrival_four_houses, layout_basic
D:2:      layout_basic, serial_shops, shop
D:3:      layout_rooms, hellmonk_ecumenical_altar_inner_sanctum, uniq_robin,
          uniq_ijyb
D:4:      layout_cave_pools, serial_shops, shop,
          minmay_fractal_squares_gapless_5, uniq_menkaure
D:5:      layout_cave_pools, hangedman_decor_points, minmay_shop_damaged
D:6:      layout_cave_pods, elyvilon_altar_3, uniq_blork_the_orc,
          uniq_prince_ribbit1, uniq_edmund, uniq_sigmund

Skill      XL: |  1  2  3  4  5  6 |
---------------+-------------------+-----
Spellcasting   | 2 3 4 |  4.9
Summonings     | 4 5 |  5.6
Stealth        | 2 |  2.0
Dodging        | |  1.9
Hexes          | |  0.1

Action                   |  1- 3 |  4- 6 || total
-------------------------+-------+-------++-------
Melee: Dagger            |    17 |     4 ||    21
 Cast: Summon Small Mamm |    88 |     1 ||    89
       Call Imp          |    86 |    60 ||   146
       Call Canine Famil |     4 |    19 ||    23
       Summon Guardian G |       |     6 ||     6
  Use: Scroll            |     6 |     4 ||    10
       Potion            |     1 |     4 ||     5
Armor: Robe              |    16 |    28 ||    44
Dodge: Dodged            |    35 |    37 ||    72

Table legend: (Time is in decaauts)
 A = Elapsed time spent in this place.
 B = Non-inter-level travel time spent in this place.
 C = Inter-level travel time spent in this place.
 D = Time resting spent in this place.
 E = Time spent auto-exploring this place.
 F = Levels seen in this place.
 G = Mean time per level.
                   A        B        C        D        E       F      G
               +--------+--------+--------+--------+--------+-----+--------+
         Total |   6744 |   6624 |    120 |   1315 |   3885 |   6 | 1124.0 |
       Dungeon |   6744 |   6624 |    120 |   1315 |   3885 |   6 | 1124.0 |
               +--------+--------+--------+--------+--------+-----+--------+

Top non-repeatable levels by time:
     D:1: 1938 daAuts
     D:4: 1555 daAuts
     D:3: 1476 daAuts
     D:2: 1311 daAuts
     D:5: 461 daAuts
     D:6: 1 daAuts
